 Dungeon Crawl Stone Soup version 0.27.0-1-g7a089689b8 (webtiles) character file.

Game seed: 18130422398245570792

82 mg7810 the Chopper (level 4, 0/40 HPs)
             Began as a Hill Orc Monk on Aug 15, 2021.
             Slain by an orc wizard (3 damage)
             ... on level 3 of the Dungeon.
             The game lasted 00:04:40 (2405 turns).

mg7810 the Chopper (Hill Orc Monk)                  Turns: 2405, Time: 00:04:40

Health: 0/40       AC:  6    Str: 14    XL:     4   Next: 43%
Magic:  0/4        EV: 12    Int: 10    God:
Gold:   94         SH:  0    Dex: 13    Spells: 3/3 levels left

rFire    + . .     SeeInvis .   a - +0 hand axe
rCold    . . .     Faith    .   (no shield)
rNeg     . . .     Spirit   +   e - +3 leather armour {rF+}
rPois    .         Reflect  .   (no helmet)
rElec    .         Harm     .   (no cloak)
rCorr    .         Rampage  .   (no gloves)
Will     .....                  (no boots)
Stlth    +.........             g - amulet of guardian spirit
HPRegen  0.13/turn              (no ring)
MPRegen  0.09/turn              (no ring)

@: confused, very slightly contaminated, invisible
A: no striking features
a: no special abilities


You were on level 3 of the Dungeon.
You visited 1 branch of the dungeon, and saw 3 of its levels.

You collected 94 gold pieces.

Inventory:

Hand Weapons
 a - a +0 hand axe (weapon)
 i - a +0 fustibalus
Armour
 b - a +0 robe
 e - a +3 leather armour of fire resistance (worn)
Jewellery
 g - an amulet of guardian spirit (around neck)
Scrolls
 c - a scroll of summoning {unknown}
 d - a scroll of teleportation {unknown}
 f - a scroll of identify
 h - a scroll of enchant armour


   Skills:
 + Level 4.2 Fighting
 + Level 5.2 Axes
 * Level 1.8 Armour
 + Level 2.8 Dodging
 - Level 1.5 Stealth


You had 3 spell levels left.
You didn't know any spells.
Your spell library contained the following spells:

 Spells                   Type           Power      Damage    Failure   Level
 Pain                     Necr           0%         1d4       43%         1


Dungeon Overview and Level Annotations

Branches:
Dungeon (3/15)

Altars:
Sif Muna


Message History

The worm barely misses you. Something hits you.
You strike the helpless worm from behind!
You hit the worm.
The worm is severely wounded.
You barely miss the orc. You hit something but do no damage.
The orc misses you. Something hits you.
You completely miss something.
You catch the helpless orc completely off-guard!
You hit the orc but do no damage. The orc closely misses you.
You hear some strange, mumbled words.
A magic dart appears from out of thin air!
The magic dart hits you.
You barely miss something. You hit the orc but do no damage.
The orc barely misses you.
You hear some strange, mumbled words.
A puff of flame appears from out of thin air!
The puff of flame hits you. You resist.
* * * LOW HITPOINT WARNING * * *
The orc misses you.
You closely miss something. You barely miss the orc. Something hits you.
* * * LOW HITPOINT WARNING * * *
The orc barely misses you.
You hit something. You hit the orc but do no damage.
Something hits you but does no damage. The orc hits you but does no damage.
You closely miss something. You hit the orc but do no damage.
Something hits you but does no damage. The orc hits you but does no damage.
You hit something but do no damage. You hit the orc.
You hear some strange, mumbled words.
You are confused.
The orc barely misses you. Something hits you but does no damage.
Okay, then.
You hear some strange, mumbled words.
A puff of flame appears from out of thin air!
The puff of flame hits you. You resist. The orc hits you with a +0 hand axe.
* * * LOW HITPOINT WARNING * * *
Okay, then.
You aren't carrying any potions.
You bump into the rock wall.
Something hits you.
You die...

.♣. ##.♣.+..# ....
#....#..##
#...###...##...##
#....#....#.....#
#.......##.....###
#.<.♣.<.#........
#.....†.##..w.#
#....#..).#)o{#####...
#... ##...##)@........
... #....#.#####....
.♣ ##.♣...# . #...###
##+##


You could see a worm and an orc.

Vanquished Creatures
  An orc wizard (D:3)
  An adder (D:2)
  A worm (D:2)
  4 dart slugs (D:1)
  2 orcs (D:3)
  7 bats
  3 endoplasms
  A giant cockroach (D:2)
  2 goblins
  4 hobgoblins
  3 ball pythons
  2 frilled lizards (D:1)
  2 kobolds (D:1)
  4 rats
37 creatures vanquished.

Notes
Turn   | Place    | Note
-------+----------+-------------------------------------------
     0 | D:1      | mg7810 the Hill Orc Monk began the quest for the Orb.
     0 | D:1      | Reached XP level 1. HP: 19/19 MP: 1/1
   271 | D:1      | Reached XP level 2. HP: 24/27 MP: 2/2
   623 | D:1      | Found a faded altar of an unknown god.
   629 | D:1      | Reached skill level 1 in Armour
   641 | D:1      | Got Plato's Incunabulum of Unholy Rites
   915 | D:1      | Reached XP level 3. HP: 33/33 MP: 3/3
  1769 | D:2      | Found a shimmering blue altar of Sif Muna.
  2391 | D:3      | Reached skill level 5 in Axes
  2391 | D:3      | Reached XP level 4. HP: 25/40 MP: 4/4
  2405 | D:3      | Slain by an orc wizard

Illustrated notes

Levels and vault maps discovered:
D:1:      lemuel_arrival_hallway, layout_basic,
          shapermc_ecumenical_altar_rom_forum, chequers_big_river,
          minmay_misc_feat_pillars
D:2:      layout_rooms, basic_altar
D:3:      kennysheep_big_flooded_room, layout_rooms,
          amethyst_overflow_temple_binary, minmay_misc_feat_four_crosses,
          grunt_ministairs_13, solitary_fountain, kennysheep_nondescript

Skill      XL: |  1  2  3 |
---------------+----------+-----
Armour         | 1 |  1.8
Fighting       | 4 |  4.2
Axes           | 5 |  5.2
Dodging        | |  2.8
Stealth        | |  1.5

Action                   |  1- 3 |  4- 6 || total
-------------------------+-------+-------++-------
Melee: Hand axe          |   132 |    11 ||   143
  Use: Scroll            |     3 |       ||     3
       Potion            |     1 |       ||     1
 Stab: Sleeping          |     4 |       ||     4
       Invisible         |     7 |     2 ||     9
Armor: Robe              |    15 |       ||    15
       Leather armour    |    19 |     7 ||    26
Dodge: Dodged            |    98 |    11 ||   109
